 Dungeon Crawl Stone Soup version 0.31.0-32-g396128a36d (webtiles) character file.

Game seed: 2739872832950234070

3075 mparten the Geomancer (level 9, 0/45 HPs)
             Began as a Gargoyle Earth Elementalist on Mar 31, 2024.
             Was a Believer of Sif Muna.
             Slain by a killer bee (2 damage)
             ... on level 7 of the Dungeon.
             The game lasted 00:26:37 (8154 turns).

mparten the Geomancer (Gargoyle Earth Elementalist) Turns: 8154, Time: 00:26:37

Health: 0/45       AC: 11    Str: 14    XL:     9   Next: 88%
Magic:  18/20      EV: 12    Int: 24    God:    Sif Muna [**....]
Gold:   405        SH:  0    Dex: 15    Spells: 15/22 levels left

rFire   + . .        g - staff of fire
rCold   . . .        (no shield)
rNeg    + + .        w - +0 robe of Jinwienk {rN+ Str+3 Int+3 Dex+5}
rPois   ∞            (no helmet)
rElec   +            (no cloak)
rCorr   +            (no gloves)
SInv    +            s - +2 pair of boots
Will    .....        (no amulet)
Stlth   ++           l - ring of resist corrosion
HPRegen 0.27/turn    p - ring of see invisible
MPRegen 0.17/turn

%: no passive effects
@: no status effects
A: sickness immunity, AC +6, negative energy resistance 1, electricity
resistance, torment resistance 1, petrification resistance
a: Renounce Religion, Channel Magic


You were on level 7 of the Dungeon.
You worshipped Sif Muna.
Sif Muna was pleased with you.
You visited 1 branch of the dungeon, and saw 7 of its levels.
You also visited: Sewer and Ossuary.

You collected 405 gold pieces.

Inventory:

Hand Weapons
 m - a +2 dagger of electrocution
Armour
 s - a +2 pair of boots (worn)
 w - the +0 robe of Jinwienk (worn) {rN+ Str+3 Int+3 Dex+5}
   (You found it in a sewer)

   Str+3:     It affects your strength (+3).
   Int+3:     It affects your intelligence (+3).
   Dex+5:     It affects your dexterity (+5).
   rN+:       It protects you from negative energy.
Magical Staves
 g - a staff of fire (weapon)
Jewellery
 l - a ring of resist corrosion (left hand)
 p - a ring of see invisible (right hand)
 t - a ring of protection from fire
Wands
 e - a wand of mindburst (10)
 v - a wand of flame (17)
Scrolls
 b - a scroll of teleportation
 f - 2 scrolls of poison {unknown}
 h - a scroll of torment {unknown}
 i - a scroll of vulnerability {unknown}
 j - 2 scrolls of immolation
 o - a scroll of noise {unknown}
 q - a scroll of fog {unknown}
 u - a scroll of blinking {unknown}
 y - a scroll of enchant armour {unknown}
Potions
 a - a potion of attraction {unknown}
 c - a potion of mutation {unknown}
 d - 3 potions of might {unknown}
 k - 3 potions of enlightenment
 n - a potion of cancellation {unknown}
 r - a potion of ambrosia {unknown}
 x - a potion of brilliance {unknown}
 z - 3 potions of lignification {unknown}
 A - 2 potions of resistance {unknown}
 B - 2 potions of heal wounds
 C - a potion of curing {unknown}


   Skills:
 - Level 1.7 Dodging
 - Level 2.4 Stealth
 * Level 7.4 Spellcasting
 * Level 8.4 Conjurations
 * Level 9.9 Earth Magic


You had 15 spell levels left.
You knew the following spells:

 Your Spells              Type           Power      Damage    Failure   Level
a - Sandblast             Erth           100%       2d20      1%          1
b - Stone Arrow           Conj/Erth      100%       3d13      1%          3
c - Passwall              Erth           54%        N/A       1%          3

Your spell library contained the following spells:

 Spells                   Type           Power      Damage    Failure   Level
 Brom's Barrelling Bould  Conj/Erth      52%        2d7       1%          4
 Petrify                  Alch/Erth      32%        N/A       9%          4
 Summon Ice Beast         Ice/Summ       8%         N/A       21%         3
 Summon Mana Viper        Hex/Summ       8%         N/A       88%         5
 Monstrous Menagerie      Summ           4%         N/A       100%        7


Dungeon Overview and Level Annotations

Branches:
Dungeon (7/15)             Temple (0/1) D:5           Sewer (visited)
Ossuary (visited)

Altars:
Ashenzari
Cheibriados
Dithmenos
Elyvilon
Fedhas
Hepliaklqana
Nemelex Xobeh
Sif Muna
Uskayaw
Wu Jian
The Shining One

Shops:
D:1 [   D:2 :


Innate Abilities, Weirdness & Mutations

You are immune to sickness and miasma.
Your stone body is resilient. (AC +6)
You are immune to poison.
You resist negative energy. (rN+)
You are resistant to electric shocks. (rElec)
You are resistant to unholy torment.
You are immune to petrification.


Message History

The killer bee stings you! The killer bee stings you.
The killer bee closely misses you.
You take 14 damage, and have 25/45 hp.
MASSIVE DAMAGE!!
You are too injured to fight recklessly!
The killer bee closely misses you.
The killer bee attacks as it pursues you!
The killer bee closely misses you. x2
The killer bee stings you but does no damage.
The killer bee barely misses you.
The killer bee attacks as it pursues you!
The killer bee barely misses you. The killer bee completely misses you.
The killer bee stings you. The killer bee barely misses you.
You take 6 damage, and have 20/45 hp.
The killer bee closely misses you.
The killer bee attacks as it pursues you!
The killer bee barely misses you.
The killer bee attacks as it pursues you!
The killer bee stings you. The killer bee closely misses you.
The killer bee misses you.
You take 3 damage, and have 17/45 hp.
The killer bee stings you but does no damage. x4
The killer bee barely misses you. The killer bee stings you.
* * * LOW HITPOINT WARNING * * *
The killer bee stings you.
* * * LOW HITPOINT WARNING * * *
You take 8 damage, and have 9/45 hp.
You open the door.
The killer bee stings you but does no damage.
The killer bee stings you.
* * * LOW HITPOINT WARNING * * *
The killer bee misses you.
The killer bee stings you but does no damage.
The killer bee closely misses you. x2; The killer bee stings you.
* * * LOW HITPOINT WARNING * * *
The killer bee stings you but does no damage.
You take 7 damage, and have 2/45 hp.
The killer bee stings you but does no damage.
The killer bee attacks as it pursues you!
The killer bee stings you.
You die...

#....# #....######
#..........
...#..†.......
...#..........
#..#.......... ##
##..#.......... .#
#...#...y####+# .#
...#)..#..yy@....#
.#.....#...#...y#....#
.# ....#...'....#....#
####..####+#....#+####
...#..##........#
...#...#........+
...#...+..[.....#
...'...#........#
...#...#........#


You could see 4 killer bees.

Vanquished Creatures
  Pikel (D:6)
  Grinder (D:6)
  A hornet (D:6)
  A sky beast (D:6)
  An ogre (D:5)
  2 crocodiles (Sewer)
  2 phantoms (D:5)
  A bullfrog (D:7)
  3 elf zombies (Ossuary)
  4 scorpions
  3 electric eels (D:5)
  2 killer bees (D:7)
  A howler monkey (D:4)
  A bombardier beetle (D:3)
  A centaur zombie (Ossuary)
  2 jellies (D:6)
  An orc priest (D:3)
  A gnoll bouda (D:4)
  4 hounds
  3 human zombies (Ossuary)
  2 orc wizards (D:4)
  A sickly merfolk siren (Sewer)
  4 hound zombies (Ossuary)
  Robin (D:2)
  3 mummies
  10 gnolls
  12 adders
  3 river rats
  A shadow imp (D:6)
  2 white imps
  2 ufetubi (D:7)
  6 adder zombies (Ossuary)
  2 dart slugs (D:1)
  18 orcs
  7 bats
  7 endoplasms
  8 giant cockroaches
  5 gnoll zombies (Ossuary)
  19 goblins
  9 hobgoblins
  3 kobolds
  5 quokkas
  11 ball pythons
  6 frilled lizards
  4 jackal zombies (Ossuary)
  4 kobold zombies (Ossuary)
  8 orc zombies
  22 rats
221 creatures vanquished.

Notes
Turn   | Place    | Note
-------+----------+-------------------------------------------
     0 | D:1      | mparten the Gargoyle Earth Elementalist began the quest for
                  | the Orb.
     0 | D:1      | Reached XP level 1. HP: 10/10 MP: 3/3
   126 | D:1      | Reached XP level 2. HP: 15/15 MP: 1/5
   331 | D:1      | Reached skill level 4 in Earth Magic
   504 | D:1      | Reached XP level 3. HP: 19/19 MP: 4/6
   679 | D:1      | Found Keinlevi's Antique Armour Emporium.
  1174 | D:2      | Reached XP level 4. HP: 24/24 MP: 4/8
  1228 | D:2      | Noticed Robin
  1233 | D:2      | Killed Robin
  1412 | D:2      | Found an ornate altar of the Wu Jian Council.
  1480 | D:2      | Found Apyise's Book Shop.
  1533 | D:2      | Learned a level 3 spell: Stone Arrow
  1547 | D:2      | Reached XP level 5. HP: 21/28 MP: 6/9
  1803 | D:2      | Reached skill level 5 in Earth Magic
  2493 | D:3      | Reached XP level 6. HP: 32/32 MP: 9/11
  3333 | D:4      | Found a glowing drain.
  3485 | Sewer    | Entered a sewer
  3608 | Sewer    | Reached skill level 6 in Earth Magic
  3608 | Sewer    | Reached XP level 7. HP: 21/36 MP: 1/13
  4434 | Sewer    | Identified the +0 robe of Jinwienk {rN+ Str+3 Int+3 Dex+5}
  4471 | D:4      | Found a white marble altar of Elyvilon.
  4560 | D:4      | Reached skill level 5 in Conjurations
  4634 | D:4      | Found an ornate altar of the Wu Jian Council.
  4680 | D:4      | Found a shimmering blue altar of Sif Muna.
  4680 | D:4      | Found a hide-covered altar of Uskayaw.
  4680 | D:4      | Found a broken altar of Ashenzari.
  4681 | D:4      | Found a blossoming altar of Fedhas.
  4681 | D:4      | Found a snail-covered altar of Cheibriados.
  4876 | D:4      | Found a shadowy altar of Dithmenos.
  4876 | D:4      | Found a hazy altar of Hepliaklqana.
  4877 | D:4      | Found a sparkling altar of Nemelex Xobeh.
  4892 | D:4      | Became a worshipper of Sif Muna the Loreminder
  4941 | D:4      | Found a glowing golden altar of the Shining One.
  5315 | D:5      | Entered Level 5 of the Dungeon
  5382 | D:5      | Found a transporter.
  5415 | D:5      | Found a staircase to the Ecumenical Temple.
  5450 | D:5      | Reached skill level 5 in Spellcasting
  5450 | D:5      | Reached skill level 7 in Earth Magic
  5450 | D:5      | Reached XP level 8. HP: 41/41 MP: 11/15
  5454 | D:5      | Learned a level 3 spell: Passwall
  5548 | D:5      | Found a sand-covered staircase.
  5554 | Ossuary  | Entered an ossuary
  5872 | Ossuary  | Reached * piety under Sif Muna
  6065 | Ossuary  | Reached skill level 8 in Earth Magic
  6386 | D:5      | Found a transporter.
  6976 | D:6      | Noticed Grinder
  6981 | D:6      | Killed Grinder
  6982 | D:6      | Reached XP level 9. HP: 45/45 MP: 14/18
  7139 | D:6      | Noticed a hornet
  7142 | D:6      | Killed a hornet
  7143 | D:6      | Reached skill level 9 in Earth Magic
  7413 | D:6      | Reached ** piety under Sif Muna
  7566 | D:6      | Noticed Pikel
  7583 | D:6      | Killed Pikel
  8153 | D:7      | HP: 2/45 [killer bee (5)]
  8154 | D:7      | Slain by a killer bee

Illustrated notes

Levels and vault maps discovered:
D:1:      evilmike_arrival_plus, layout_rooms, serial_shops, shop
D:2:      layout_loops_corners, serial_shops, shop_statue, basic_altar,
          uniq_robin
D:3:      layout_basic, minmay_unequal
D:4:      layout_basic, lemuel_crystal_altar, mainiacjoe_overflow_catwalk,
          grunt_temple_overflow_open, lemuel_crystal_altar,
          portal_sewer_entry_a, uniq_natasha
D:5:      gammafunk_steamed_eel, layout_basic, minmay_temple_entry_junction_2,
          serial_glass, glass_columns_c, glass_columns_b, glass_columns_a,
          glass_columns_a, nicolae_ossuary_entry_giza, minmay_parallelograms
D:6:      layout_gridville, uniq_grinder, uniq_pikel
D:7:      layout_gridville, corexii_corridor_pit

Skill      XL: |  1  2  3  4  5  6  7  8  9 |
---------------+----------------------------+-----
Earth Magic    | 4 5 6 7 8 9 |  9.9
Conjurations   | 2 3 4 5 7 8 |  8.4
Spellcasting   | 3 4 5 6 7 |  7.4
Dodging        | |  1.7
Stealth        | |  2.4

Action                     |  1- 3 |  4- 6 |  7- 9 || total
---------------------------+-------+-------+-------++-------
  Melee: Unarmed           |     1 |       |       ||     1
         Staff             |       |       |     6 ||     6
   Cast: Sandblast         |    41 |   111 |   163 ||   315
         Stone Arrow       |       |     3 |    44 ||    47
    Use: Potion            |       |       |     2 ||     2
         Scroll            |       |       |     5 ||     5
   Stab: Sleeping          |     1 |       |       ||     1
 Armour: Robe              |     3 |    27 |    96 ||   126
  Dodge: Dodged            |     5 |    18 |    91 ||   114
